[Event "Titled Tuesday Blitz March 07 Early 2023"]
[White "Castillo Pena, Patricia Evarista"]
[Black "Orujov, Elshad"]
[WhiteFideId "6412106"]
[BlackFideId "13403540"]
[WhiteElo "1919"]
[BlackElo "2342"]
[Result "0-1"]
[Round "03"]
[TimeControl "180+2"]
[Date "2023.03.07"]
[WhiteClock "0:00:02"]
[BlackClock "0:00:28"]

1. d4 Nf6 2. Nf3 d5 3. e3 c5 4. Bd3 Nc6 5. b3 Bg4 6. Bb2 e6 7. Nbd2 Bd6 8. O-O cxd4 9. exd4 O-O 10. Re1 Rc8 11. a3 a6 12. c4 Bf4 13. Qc2 Bxd2 14. Nxd2 dxc4 15. bxc4 Nxd4 16. Bxd4 Qxd4 17. Ne4 Bf5 18. Nxf6+ Qxf6 19. Rac1 Bxd3 20. Qxd3 Rfd8 21. Qb3 Rc7 22. Qb6 Rdc8 23. Red1 h6 24. c5 Qe5 25. c6 Rxc6 26. Rxc6 Rxc6 27. Qxb7 Qc7 28. Qb1 g6 29. h3 Rc2 30. Qb3 Rc1 31. g3 Rxd1+ 32. Qxd1 Qc3 33. Qa4 Qd3 34. Qe8+ Kg7 35. a4 a5 36. Kg2 Qe4+ 37. Kg1 Qb4 38. Kg2 Qe4+ 39. Kg1 e5 40. Qb5 Qe1+ 41. Kg2 h5 42. h4 Qc3 43. Kg1 e4 44. Kg2 e3 45. fxe3 Qxe3 46. Kh3 Qe1 47. Qb2+ Kh7 48. Qb5 Qh1# 0-1


[Site "https://www.chess.com"]

[Event "Titled Tuesday Blitz March 07 Early 2023"]
[White "Carlsen, Magnus"]
[Black "Ibarra Jerez, Jose Carlos"]
[WhiteFideId "1503014"]
[BlackFideId "2226332"]
[WhiteElo "2852"]
[BlackElo "2638"]
[Result "1-0"]
[Round "04"]
[TimeControl "180+2"]
[Date "2023.03.07"]
[WhiteClock "0:02:41"]
[BlackClock "0:00:31"]

1. d4 Nf6 2. Nf3 g6 3. Nc3 d5 4. Bf4 Bg7 5. e3 c5 6. Nb5 Na6 7. h3 Ne4 8. c3 O-O 9. Be2 Bd7 10. O-O Qb6 11. a4 c4 12. Nd2 Nxd2 13. Qxd2 Bxb5 14. axb5 Qxb5 15. b3 Qc6 16. bxc4 dxc4 17. Bf3 Qd7 18. Qb2 e5 19. Qxb7 Qxb7 20. Bxb7 Rab8 21. Bxa6 exf4 22. Bxc4 Rfc8 23. Ra4 Rb2 24. Bd5 Rxc3 25. Rxa7 h5 26. Rxf7 Kh8 27. Rxf4 Rc7 28. h4 Kh7 29. g3 Bh6 30. Rf7+ Rxf7 31. Bxf7 Kg7 32. Bd5 g5 33. hxg5 Bxg5 34. Ra1 h4 35. Ra7+ Kf8 36. Rf7+ Ke8 37. Rf5 Be7 38. g4 h3 39. Rh5 Bb4 40. Rxh3 Be1 41. Rf3 Ke7 42. Kf1 Bb4 43. Rf7+ Ke8 44. Rf5 Rb1+ 45. Kg2 Bd6 46. g5 1-0


[Site "https://www.chess.com"]

[Event "Titled Tuesday Blitz March 07 Early 2023"]
[White "Nakamura, Hikaru"]
[Black "Mitrabha, Guha"]
[WhiteFideId "2016192"]
[BlackFideId "5057000"]
[WhiteElo "2879"]
[BlackElo "2507"]
[Result "1-0"]
[Round "04"]
[TimeControl "180+2"]
[Date "2023.03.07"]
[WhiteClock "0:01:34"]
[BlackClock "0:02:01"]

1. Nf3 Nf6 2. g3 c5 3. d3 Nc6 4. e4 d6 5. Bg2 g6 6. O-O Bg7 7. Nbd2 O-O 8. Re1 e5 9. a4 h6 10. Nc4 Be6 11. c3 b6 12. Ne3 d5 13. exd5 Nxd5 14. Nc4 Qc7 15. a5 b5 16. Ne3 a6 17. Ng5 hxg5 18. Nxd5 Bxd5 19. Bxd5 Rad8 20. Ba2 c4 21. Bxg5 Rxd3 22. Qg4 f5 23. Qe2 e4 24. Bb1 Ne5 25. Bf4 Nf3+ 26. Qxf3 1-0


[Site "https://www.chess.com"]

[Event "Titled Tuesday Blitz March 07 Early 2023"]
[White "Perez Ponsa, Federico"]
[Black "Naroditsky, Daniel"]
[WhiteFideId "117927"]
[BlackFideId "2026961"]
[WhiteElo "2592"]
[BlackElo "2633"]
[Result "0-1"]
[Round "04"]
[TimeControl "180+2"]
[Date "2023.03.07"]
[WhiteClock "0:00:24"]
[BlackClock "0:00:16"]

1. e4 Nc6 2. Nf3 d6 3. Bb5 Nf6 4. Nc3 g6 5. O-O Bg7 6. d4 O-O 7. Bxc6 bxc6 8. h3 Nd7 9. Be3 c5 10. d5 Rb8 11. Rb1 Nb6 12. Qc1 Re8 13. Bh6 Bh8 14. Re1 Nc4 15. Nd1 c6 16. b3 Nb6 17. c4 cxd5 18. exd5 Bf5 19. Rb2 Bxb2 20. Qxb2 f6 21. Ne3 Bd7 22. Ng5 Rb7 23. Qc3 e5 24. dxe6 Bxe6 25. Ne4 Rf7 26. Rd1 Bd5 27. Nxd5 Rxe4 28. Qf3 Nxd5 29. Qxe4 Nc3 30. Rxd6 Qxd6 31. Qa8+ Rf8 32. Bxf8 Ne2+ 0-1


[Site "https://www.chess.com"]

[Event "Titled Tuesday Blitz March 07 Early 2023"]
[White "Duda, Jan-Krzysztof"]
[Black "Harsha Bharathakoti"]
[WhiteFideId "1170546"]
[BlackFideId "5078776"]
[WhiteElo "2790"]
[BlackElo "2481"]
[Result "1-0"]
[Round "04"]
[TimeControl "180+2"]
[Date "2023.03.07"]
[WhiteClock "0:00:07"]
[BlackClock "0:00:02"]

1. d4 Nf6 2. Bg5 e6 3. e4 h6 4. Bxf6 Qxf6 5. c3 d6 6. Bd3 g6 7. Ne2 Bg7 8. f4 e5 9. O-O Qe7 10. f5 O-O 11. Na3 Nd7 12. Nc2 Nf6 13. Ng3 Bd7 14. Bc4 Kh7 15. Qd3 c6 16. Rae1 h5 17. Bb3 Bh6 18. Nh1 gxf5 19. dxe5 dxe5 20. exf5 Rg8 21. Ng3 Rg4 22. Be6 Rag8 23. Bxd7 Qxd7 24. Qxd7 Nxd7 25. Rf2 Nc5 26. Nxh5 Bg5 27. Rf3 Rh4 28. Ng3 Bf4 29. b4 1-0


[Site "https://www.chess.com"]

[Event "Titled Tuesday Blitz March 07 Early 2023"]
[White "Yuan, Qingyu"]
[Black "Andreikin, Dmitry"]
[WhiteFideId "8609772"]
[BlackFideId "4158814"]
[WhiteElo "2359"]
[BlackElo "2736"]
[Result "1-0"]
[Round "04"]
[TimeControl "180+2"]
[Date "2023.03.07"]
[WhiteClock "0:00:18"]
[BlackClock "0:00:11"]

1. e4 c5 2. Nf3 d6 3. Bb5+ Bd7 4. Bxd7+ Nxd7 5. O-O Ngf6 6. Qe2 g6 7. c3 Bg7 8. d4 cxd4 9. cxd4 e5 10. Rd1 exd4 11. Nxd4 O-O 12. Nc3 a6 13. Bf4 Qb8 14. h3 Re8 15. Nb3 Ne5 16. a4 b5 17. axb5 axb5 18. Rxa8 Qxa8 19. Qxb5 Rb8 20. Qa5 Qb7 21. Rxd6 Nc6 22. Rxc6 Ra8 23. Qb6 Qe7 24. Bd6 Qe8 25. Nc5 h6 26. Kh2 Kh7 27. Rc7 Nh5 28. Re7 Qg8 29. Nd5 Bd4 30. Qb7 Rf8 31. f3 Kh8 32. b4 Qg7 33. Qc7 Ra8 34. Be5 Bxe5+ 35. Qxe5 Qxe5+ 36. Rxe5 Kg7 37. Re7 Ra2 38. b5 g5 39. b6 Kg6 40. b7 Rb2 41. Re8 g4 42. hxg4 1-0


[Site "https://www.chess.com"]

[Event "Titled Tuesday Blitz March 07 Early 2023"]
[White "Erigaisi Arjun"]
[Black "Pakleza, Zbigniew"]
[WhiteFideId "35009192"]
[BlackFideId "1119290"]
[WhiteElo "2737"]
[BlackElo "2410"]
[Result "1-0"]
[Round "04"]
[TimeControl "180+2"]
[Date "2023.03.07"]
[WhiteClock "0:00:41"]
[BlackClock "0:00:02"]

1. c4 c6 2. e3 d5 3. d4 Nf6 4. Nc3 Qb6 5. Nf3 Bf5 6. Bd3 Bxd3 7. Qxd3 e6 8. O-O Nbd7 9. e4 Qa6 10. b3 dxc4 11. bxc4 Nb6 12. Nd2 Be7 13. a4 O-O 14. a5 Nbd7 15. e5 Nd5 16. Nce4 Rad8 17. Nf3 Nb4 18. Qc3 c5 19. dxc5 Qc6 20. Nd6 Na6 21. Nd4 Qc7 22. N4b5 Qb8 23. Qg3 Kh8 24. Ra3 Naxc5 25. Rf3 f5 26. exf6 Nxf6 27. Bf4 Nh5 28. Nf7+ Rxf7 29. Bxb8 Nxg3 30. Rxf7 Nxf1 31. Rxe7 Nd2 32. Bc7 Ra8 33. Be5 Kg8 34. Rxg7+ Kf8 35. Rxh7 1-0


[Site "https://www.chess.com"]

[Event "Titled Tuesday Blitz March 07 Early 2023"]
[White "Pranav, V"]
[Black "Nogerbek, Kazybek"]
[WhiteFideId "25060783"]
[BlackFideId "13710427"]
[WhiteElo "2500"]
[BlackElo "2501"]
[Result "0-1"]
[Round "04"]
[TimeControl "180+2"]
[Date "2023.03.07"]
[WhiteClock "0:00:09"]
[BlackClock "0:00:21"]

1. e4 e5 2. Nf3 Nc6 3. Bb5 a6 4. Ba4 Nf6 5. O-O Be7 6. Re1 b5 7. Bb3 d6 8. c3 O-O 9. h3 Bb7 10. d4 Re8 11. Nbd2 Bf8 12. dxe5 Nxe5 13. Nxe5 dxe5 14. Qe2 Bc5 15. Bc2 Bb6 16. Nf1 h6 17. Ng3 Bc8 18. a4 Bd7 19. Rd1 Qe7 20. a5 Ba7 21. Qf3 Rad8 22. Be3 Bxe3 23. Qxe3 c5 24. Nf1 Be6 25. Qg3 Qc7 26. Rxd8 Rxd8 27. Qf3 b4 28. Ne3 b3 29. Bd1 Rd2 30. c4 Rxb2 31. Nd5 Bxd5 32. exd5 Ra2 33. Rxa2 bxa2 34. Qa3 Qb8 35. Qxa2 Qb4 36. Qe2 Qc3 37. Bc2 g6 38. Kh2 Kg7 39. g3 Qd4 40. Kg2 Ne8 41. Bd3 Nd6 42. Qc2 e4 43. Bf1 e3 44. fxe3 Qxe3 45. Qf2 Qxf2+ 46. Kxf2 Kf6 47. Ke3 Ke5 48. Bd3 Nb7 49. g4 Nxa5 50. h4 Nb7 0-1


[Site "https://www.chess.com"]

[Event "Titled Tuesday Blitz March 07 Early 2023"]
[White "Corrales Jimenez, Fidel"]
[Black "Lazavik, Denis"]
[WhiteFideId "3506690"]
[BlackFideId "13515110"]
[WhiteElo "2541"]
[BlackElo "2560"]
[Result "1-0"]
[Round "04"]
[TimeControl "180+2"]
[Date "2023.03.07"]
[WhiteClock "0:01:02"]
[BlackClock "0:00:02"]

1. d4 Nf6 2. Nf3 d5 3. Bf4 c5 4. e3 Nc6 5. c3 Bg4 6. Nbd2 e6 7. Be2 Bd6 8. Bxd6 Qxd6 9. O-O O-O 10. h3 Bh5 11. Rc1 Rfd8 12. Qa4 Rac8 13. Rfd1 Qe7 14. a3 Ne4 15. dxc5 Nxc5 16. Qf4 e5 17. Qg3 e4 18. Nd4 Bxe2 19. Nxe2 Nd3 20. Rb1 Rd6 21. Nf4 Nce5 22. Nb3 Nxf4 23. exf4 Rg6 24. Qe3 Nc4 25. Qe2 Qh4 26. Rxd5 Qxh3 27. Qxe4 Qh4 28. Re1 h6 29. f5 Rg4 30. Qf3 Rf4 31. Qg3 Qxg3 32. fxg3 Rg4 33. Re2 Rxg3 34. Rd7 b6 35. Nd4 a5 36. Nf3 Rg4 37. Kf2 Rf4 38. Rd5 Rc5 39. Rd8+ Kh7 40. Kg3 Rfxf5 41. Ree8 g5 42. Nd4 Rfe5 43. Rh8+ Kg7 44. Rdg8+ Kf6 45. Rxh6+ Ke7 46. Ra8 Red5 47. Nc6+ Kd7 48. Ra7+ Kc8 49. Rh8+ 1-0


[Site "https://www.chess.com"]

[Event "Titled Tuesday Blitz March 07 Early 2023"]
[White "Hakobyan, Aram"]
[Black "Krzyzanowski, Marcin"]
[WhiteFideId "13306677"]
[BlackFideId "1132199"]
[WhiteElo "2563"]
[BlackElo "2471"]
[Result "1-0"]
[Round "04"]
[TimeControl "180+2"]
[Date "2023.03.07"]
[WhiteClock "0:01:26"]
[BlackClock "0:00:03"]

1. e4 c5 2. Nf3 Nc6 3. Nc3 e5 4. Bc4 h6 5. Nd5 d6 6. c3 g6 7. d4 exd4 8. cxd4 cxd4 9. Nxd4 Bg7 10. Nb5 Kf8 11. O-O a6 12. Nbc3 Nf6 13. Bf4 Nh5 14. Be3 b5 15. Bb3 Rb8 16. f4 Na5 17. f5 Nxb3 18. axb3 Nf6 19. fxg6 Be6 20. Bd4 Ng4 21. Bxg7+ Kxg7 22. Qd4+ Ne5 23. gxf7 Bxf7 24. Rf5 Be6 25. Rxe5 dxe5 26. Qxe5+ Kh7 27. Qxe6 Rf8 28. Rxa6 Qh4 29. Ra7+ Kh8 30. Qe5+ Rf6 31. Qxf6+ Qxf6 32. Nxf6 1-0


[Site "https://www.chess.com"]

[Event "Titled Tuesday Blitz March 07 Early 2023"]
[White "Mikhailovsky, Vladimir"]
[Black "Matlakov, Maxim"]
[WhiteFideId "34105414"]
[BlackFideId "4168003"]
[WhiteElo "2293"]
[BlackElo "2666"]
[Result "1/2-1/2"]
[Round "04"]
[TimeControl "180+2"]
[Date "2023.03.07"]
[WhiteClock "0:00:06"]
[BlackClock "0:00:08"]

1. d4 d5 2. c4 c6 3. Nf3 Nf6 4. Qb3 e6 5. Bg5 a5 6. Nc3 a4 7. Qc2 dxc4 8. Nxa4 b5 9. Nc3 Nbd7 10. e3 h6 11. Bh4 Be7 12. Be2 Bb7 13. O-O O-O 14. b3 b4 15. Na4 c3 16. a3 bxa3 17. Qxc3 Nd5 18. Bxe7 Nxc3 19. Bxd8 Nxe2+ 20. Kh1 Rfxd8 21. Rfe1 Ba6 22. Rxa3 Bb5 23. Raa1 Ra5 24. Nb2 Rda8 25. Rxa5 Rxa5 26. Nc4 Ra2 27. Nfd2 Nc3 28. Kg1 c5 29. Nf3 Bxc4 30. bxc4 Ne4 31. h3 Nxf2 32. Rb1 Ne4 33. Rb7 Nef6 34. e4 cxd4 35. e5 d3 36. exf6 Nxf6 37. Rb8+ Kh7 38. Rd8 Rc2 39. Rxd3 Rxc4 40. Ra3 Rc7 41. Ra8 Nd5 42. Ne5 g6 43. Rf8 Kg7 44. Rd8 h5 45. Nf3 Nf4 46. Rd2 Kf6 47. Rf2 Ke7 48. Ra2 Rc5 49. Kh2 g5 50. Kh1 Kf6 51. Rf2 Kg6 52. h4 g4 53. Ng5 g3 54. Rf1 Nd3 55. Ne4 Rf5 56. Nxg3 Rxf1+ 57. Nxf1 Kf5 58. g3 Ke4 59. Kg2 f5 60. Nd2+ Ke3 61. Nc4+ Ke2 62. Nd6 Ne1+ 63. Kh3 Nd3 64. Ne8 Kf3 65. Ng7 f4 66. Nxh5 Nf2+ 67. Kh2 Ng4+ 68. Kh3 Nf2+ 69. Kh2 fxg3+ 70. Nxg3 Ng4+ 71. Kh3 Nf2+ 72. Kh2 e5 73. h5 Ng4+ 74. Kh3 Nh6 75. Kh4 e4 76. Nxe4 Kxe4 77. Kg5 Nf5 78. h6 Nxh6 1/2-1/2


[Site "https://www.chess.com"]

[Event "Titled Tuesday Blitz March 07 Early 2023"]
[White "Boyer, Mahel"]
[Black "Tabatabaei, M. Amin"]
[WhiteFideId "45102422"]
[BlackFideId "12521213"]
[WhiteElo "2439"]
[BlackElo "2575"]
[Result "0-1"]
[Round "04"]
[TimeControl "180+2"]
[Date "2023.03.07"]
[WhiteClock "0:00:02"]
[BlackClock "0:00:03"]

1. e4 e5 2. Nf3 Nc6 3. Bb5 a6 4. Bxc6 dxc6 5. O-O f6 6. d4 exd4 7. Nxd4 c5 8. Nb3 Be6 9. Qh5+ g6 10. Qe2 Qd7 11. Rd1 Qb5 12. Qxb5+ axb5 13. Nc3 c6 14. Be3 b6 15. a4 b4 16. Ne2 Bh6 17. Rd6 Bxe3 18. fxe3 Bc4 19. Nf4 Ne7 20. Rxf6 Rf8 21. Rxf8+ Kxf8 22. a5 Bxb3 23. cxb3 Kf7 24. Rf1 Rxa5 25. Nd5+ Ke6 26. Nxb6 g5 27. Nc4 Ra7 28. Rf5 Nxf5 29. exf5+ Kxf5 30. Kf2 Ra1 31. Kf3 g4+ 32. Kg3 h5 33. Kh4 Rh1 34. h3 gxh3 35. gxh3 Ke4 36. Kxh5 Rxh3+ 37. Kg6 Kd3 38. e4 Kxe4 39. Kf6 Kd4 40. Na5 Rh2 41. Nxc6+ Kd5 42. Ne7+ Ke4 43. Nf5 Rxb2 44. Nd6+ Kd5 0-1


[Site "https://www.chess.com"]

[Event "Titled Tuesday Blitz March 07 Early 2023"]
[White "Fedoseev, Vladimir"]
[Black "Lorparizangeneh, Shahin"]
[WhiteFideId "24130737"]
[BlackFideId "12521604"]
[WhiteElo "2752"]
[BlackElo "2526"]
[Result "1-0"]
[Round "04"]
[TimeControl "180+2"]
[Date "2023.03.07"]
[WhiteClock "0:01:08"]
[BlackClock "0:01:14"]

1. e4 e5 2. Nf3 Nc6 3. Bb5 a6 4. Ba4 Nf6 5. O-O Be7 6. d3 b5 7. Bb3 d6 8. c3 O-O 9. Bc2 Re8 10. d4 Bf8 11. Nbd2 Bg4 12. h3 Bh5 13. d5 Ne7 14. b3 c6 15. c4 bxc4 16. bxc4 Nd7 17. Re1 Nc5 18. Ba3 Qa5 19. Re3 Bxf3 20. Nxf3 cxd5 21. cxd5 g6 22. Nd2 Nc8 23. Nc4 Qc7 24. Rc3 Nb6 25. Nxb6 Qxb6 26. Rb1 Qa5 27. Bb4 Qxa2 28. Ba3 1-0


[Site "https://www.chess.com"]

[Event "Titled Tuesday Blitz March 07 Early 2023"]
[White "Atakhan, Abtin"]
[Black "Bortnyk, Olexandr"]
[WhiteFideId "22502203"]
[BlackFideId "14120828"]
[WhiteElo "2008"]
[BlackElo "2734"]
[Result "0-1"]
[Round "04"]
[TimeControl "180+2"]
[Date "2023.03.07"]
[WhiteClock "0:00:04"]
[BlackClock "0:00:36"]

1. c4 d6 2. Nc3 e5 3. Nf3 Nc6 4. d4 Bg4 5. e3 exd4 6. exd4 Bxf3 7. Qxf3 Nxd4 8. Qxb7 Rb8 9. Qe4+ Qe7 10. Bd3 Nf6 11. Qxe7+ Bxe7 12. Be3 c5 13. b3 Nc6 14. h3 O-O 15. O-O Rfd8 16. Rfe1 Nb4 17. Rad1 Nd7 18. Bf5 Ne5 19. Bc1 Bf6 20. Re3 Bg5 21. Re2 Bxc1 22. Rxc1 Nec6 23. Rd2 Nd4 24. Be4 Re8 25. Rcd1 a5 26. f3 g6 27. Kf2 Kg7 28. Nb5 Nxb5 29. cxb5 Rxb5 30. Rxd6 Re7 31. Bb1 Rc7 32. a3 Nc6 33. Bd3 Rxb3 34. Bc4 Rxa3 35. Rd7 Rxd7 36. Rxd7 Ne5 37. Bd5 0-1


[Site "https://www.chess.com"]

[Event "Titled Tuesday Blitz March 07 Early 2023"]
[White "Oparin, Grigoriy"]
[Black "Weetik, Vjacheslav"]
[WhiteFideId "24125890"]
[BlackFideId "4153472"]
[WhiteElo "2641"]
[BlackElo "2469"]
[Result "1-0"]
[Round "04"]
[TimeControl "180+2"]
[Date "2023.03.07"]
[WhiteClock "0:00:05"]
[BlackClock "0:00:01"]

1. g3 e5 2. c4 c6 3. d4 exd4 4. Qxd4 d5 5. Bg2 Nf6 6. cxd5 cxd5 7. Nf3 Nc6 8. Qd1 Bc5 9. O-O O-O 10. Nc3 h6 11. Na4 Bd6 12. Be3 Re8 13. Bc5 Bc7 14. Rc1 Bg4 15. Bd4 Ne4 16. h3 Bh5 17. Nc5 Nxd4 18. Nxd4 Bb6 19. b4 Qf6 20. g4 Bg6 21. e3 Qe7 22. Qb3 Nd2 23. Qxd5 Nxf1 24. Rxf1 Rab8 25. Rc1 Kh7 26. Nf5 Qf6 27. Nd4 Rbd8 28. Qxb7 Rxd4 29. exd4 Qxd4 30. Qd7 Qf4 31. Rd1 Re2 32. Qd4 Re1+ 33. Bf1 Qxd4 34. Rxd4 Rc1 35. a4 Bxc5 36. bxc5 Rxc5 37. Bb5 Bc2 38. Kg2 a6 39. Bxa6 Rc3 40. Bb5 1-0


[Site "https://www.chess.com"]

[Event "Titled Tuesday Blitz March 07 Early 2023"]
[White "Shimanov, Aleksandr"]
[Black "Martynov, Pavel"]
[WhiteFideId "4198603"]
[BlackFideId "4101260"]
[WhiteElo "2631"]
[BlackElo "2314"]
[Result "1-0"]
[Round "04"]
[TimeControl "180+2"]
[Date "2023.03.07"]
[WhiteClock "0:00:45"]
[BlackClock "0:00:35"]

1. e4 c5 2. d4 cxd4 3. Qxd4 e6 4. Nf3 Nc6 5. Qd1 a6 6. Bd3 Qc7 7. O-O Nf6 8. c4 Be7 9. Nc3 d6 10. b3 O-O 11. Bb2 Ne5 12. Rc1 b6 13. Bb1 Bb7 14. Nd4 Rfd8 15. Kh1 Rac8 16. f4 Ned7 17. Qe2 Qb8 18. f5 Nf8 19. fxe6 fxe6 20. Nd5 exd5 21. exd5 Re8 22. Nf5 Qc7 23. Rce1 Ng6 24. Qe6+ Kh8 25. Nxg7 Kxg7 26. Bxg6 hxg6 27. Rxf6 Bxf6 28. Qxf6+ Kh7 29. Qh4+ Kg8 30. Qh8+ Kf7 31. Qg7# 1-0


[Site "https://www.chess.com"]

[Event "Titled Tuesday Blitz March 07 Early 2023"]
[White "Manelyuk, Daniil"]
[Black "Tsydypov, Zhamsaran"]
[WhiteFideId "44173920"]
[BlackFideId "4108566"]
[WhiteElo "2259"]
[BlackElo "2584"]
[Result "0-1"]
[Round "04"]
[TimeControl "180+2"]
[Date "2023.03.07"]
[WhiteClock "0:00:09"]
[BlackClock "0:00:28"]

1. e4 e5 2. Nf3 Nc6 3. Bb5 a6 4. Ba4 Nf6 5. O-O b5 6. Bb3 Bc5 7. Re1 O-O 8. c3 d6 9. d4 Bb6 10. a4 Bb7 11. Bg5 h6 12. Bxf6 Qxf6 13. Bd5 exd4 14. cxd4 Rab8 15. e5 dxe5 16. dxe5 Qe7 17. axb5 axb5 18. e6 f5 19. Nc3 Rbd8 20. Qe2 b4 21. Bxc6 Bxc6 22. Na4 Be4 23. Nxb6 cxb6 24. Nd2 Bd5 25. Nc4 Rf6 26. Ne3 Bxe6 27. Nxf5 Qf7 28. Ne3 b3 29. Ra6 Bc8 30. Ra8 Re8 31. Rc1 Bb7 32. Rxe8+ Qxe8 33. Qc4+ Kh7 34. Qxb3 Be4 35. Qb4 Rg6 36. Rc7 Qa8 37. f3 Bxf3 38. Qd2 Be4 39. h4 Qa1+ 40. Kh2 Qa2 41. Qd4 Qe6 42. h5 Rg5 43. Kg1 Bxg2 44. Nxg2 Qe1+ 45. Kh2 Rxh5+ 46. Nh4 Rxh4+ 0-1


[Site "https://www.chess.com"]

[Event "Titled Tuesday Blitz March 07 Early 2023"]
[White "Narayanan.S.L"]
[Black "Ilinca Ilinca, Felix Antonio"]
[WhiteFideId "5058422"]
[BlackFideId "54764998"]
[WhiteElo "2547"]
[BlackElo "2031"]
[Result "1-0"]
[Round "04"]
[TimeControl "180+2"]
[Date "2023.03.07"]
[WhiteClock "0:01:55"]
[BlackClock "0:00:16"]

1. e3 Nf6 2. b3 e5 3. Bb2 d6 4. c4 Be7 5. Nc3 O-O 6. g3 d5 7. cxd5 Nxd5 8. a3 Nxc3 9. Bxc3 Qd5 10. Nf3 Bg4 11. Be2 e4 12. Nd4 Bxe2 13. Nxe2 Bd6 14. O-O Nc6 15. Nf4 Bxf4 16. gxf4 Rae8 17. Kh1 Re6 18. Rg1 Rg6 19. b4 a6 20. Rg3 Ne7 21. Qe2 Nf5 22. Rg4 Rd8 23. Rag1 Qd3 24. Qxd3 Rxd3 25. Rg5 Rxg5 26. fxg5 Nd6 27. Rg4 Kf8 28. Kg2 Ke7 29. Kf1 g6 30. Ke2 Rd5 31. a4 Ke6 32. f3 exf3+ 33. Kxf3 Rf5+ 34. Ke2 b5 35. a5 c6 36. h4 Rd5 37. e4 Re5 38. Bxe5 Kxe5 39. d3 f6 40. Ke3 f5 41. d4+ Ke6 42. exf5+ Nxf5+ 43. Kd3 Kd5 44. Re4 Kd6 45. Re8 Nxh4 46. Ra8 Nf3 47. Rxa6 Nxg5 48. Ra7 Ne6 49. Rxh7 Nc7 50. Rg7 Na6 51. Rxg6+ Kd5 52. Rg7 Nxb4+ 53. Kc3 Na2+ 54. Kb3 Nc1+ 55. Kb2 Nd3+ 56. Kc3 Nf4 57. a6 b4+ 58. Kxb4 Kxd4 59. a7 Nd5+ 60. Ka5 c5 61. a8=Q c4 62. Qxd5+ Kc3 63. Rg3+ Kb2 64. Qg2+ Ka1 65. Qh2 c3 66. Rg1# 1-0


[Site "https://www.chess.com"]

[Event "Titled Tuesday Blitz March 07 Early 2023"]
[White "Strahov, Andrej"]
[Black "Demchenko, Anton"]
[WhiteFideId "4165489"]
[BlackFideId "4160258"]
[WhiteElo "2579"]
[BlackElo "2545"]
[Result "1-0"]
[Round "04"]
[TimeControl "180+2"]
[Date "2023.03.07"]
[WhiteClock "0:00:08"]
[BlackClock "0:00:03"]

1. e4 c5 2. Nf3 d6 3. d4 cxd4 4. Nxd4 Nf6 5. Nc3 Nc6 6. Bg5 Bd7 7. Qd2 a6 8. O-O-O e6 9. f3 Be7 10. h4 Nxd4 11. Qxd4 Qc7 12. Kb1 b5 13. Qd2 b4 14. Ne2 a5 15. Nd4 Rb8 16. g4 h5 17. Bxf6 gxf6 18. gxh5 Rxh5 19. Be2 a4 20. Rdg1 Rh8 21. h5 Qc3 22. Qd1 Qe3 23. h6 Rxh6 24. Rg8+ Bf8 25. Re1 Qf4 26. Bc4 Rh2 27. Nf5 Qd2 28. Qxd2 Rxd2 29. Ng7+ Ke7 30. Nf5+ exf5 31. exf5+ Kd8 32. Rxf8+ Kc7 33. Rxf7 Re8 34. Be6 Rd8 35. Kc1 Rf2 36. Re4 Kc6 37. Rc4+ Kb5 38. Rd4 Kc5 39. Rd5+ Kc6 40. Rd3 Rf1+ 41. Kd2 Bxe6 42. fxe6 Re8 43. Re3 d5 44. Rxf6 Kd6 45. e7+ Kd7 46. Rf5 Rxe7 47. Rxd5+ Ke8 48. Rxe7+ Kxe7 49. Rd3 Rf2+ 50. Kd1 Rf1+ 51. Ke2 Ra1 52. Rd4 Rxa2 53. Rxb4 a3 54. bxa3 Rxc2+ 55. Kd3 Ra2 56. Rb3 Ke6 57. Kc4 Ke5 58. Kc5 Rc2+ 59. Kb5 Kd5 60. a4 Rc5+ 61. Kb6 Rc6+ 62. Kb7 Rh6 63. a5 Rh7+ 64. Kb6 Rh6+ 65. Kb5 Kd6 66. Rc3 Rh5+ 67. Kb6 Rh1 68. Rd3+ Ke7 69. a6 Rb1+ 70. Ka7 Ke6 71. Ka8 Ke7 72. a7 Rb2 73. f4 Rb5 74. Rd4 Ke6 75. Rd8 Ke7 76. Rb8 Ra5 77. Rb7+ Kd8 78. Kb8 Rc5 79. a8=Q Rc8+ 80. Ka7 Rxa8+ 81. Kxa8 Kc8 82. Ka7 1-0


[Site "https://www.chess.com"]

[Event "Titled Tuesday Blitz March 07 Early 2023"]
[White "Borrmann, Laurenz"]
[Black "Steinberg, Nitzan"]
[WhiteFideId "312187930"]
[BlackFideId "2801795"]
[WhiteElo "2312"]
[BlackElo "2486"]
[Result "0-1"]
[Round "04"]
[TimeControl "180+2"]
[Date "2023.03.07"]
[WhiteClock "0:00:02"]
[BlackClock "0:00:53"]

1. d4 g6 2. e4 Bg7 3. Nc3 d6 4. Be3 a6 5. h4 h5 6. Nh3 Bxh3 7. Rxh3 Nd7 8. Qd2 b5 9. a4 c6 10. d5 b4 11. dxc6 bxc3 12. cxd7+ Qxd7 13. bxc3 Nf6 14. f3 O-O 15. Be2 Rfc8 16. Kf1 Qc6 17. Ra3 Rab8 18. Bd4 Rb1+ 19. Kf2 e5 20. Be3 d5 21. Rb3 Rxb3 22. cxb3 dxe4 23. Bc4 exf3 24. gxf3 e4 25. f4 Re8 26. Rg3 Ng4+ 27. Kg1 Qf6 28. Bd4 Qxh4 29. Rg2 e3 30. Qe2 Bxd4 31. cxd4 Qf6 32. d5 Qxf4 33. Bxa6 Re4 34. Bd3 Rd4 35. a5 Nf2 36. Rxf2 exf2+ 37. Kf1 Qg3 38. Qe8+ Kg7 39. Qe5+ Qxe5 0-1


[Site "https://www.chess.com"]

[Event "Titled Tuesday Blitz March 07 Early 2023"]
[White "Bluebaum, Matthias"]
[Black "Manukyan, Sargis V."]
[WhiteFideId "24651516"]
[BlackFideId "13303465"]
[WhiteElo "2638"]
[BlackElo "2236"]
[Result "1-0"]
[Round "04"]
[TimeControl "180+2"]
[Date "2023.03.07"]
[WhiteClock "0:01:18"]
[BlackClock "0:01:37"]

1. d4 Nf6 2. c4 g6 3. Nc3 d5 4. cxd5 Nxd5 5. e4 Nxc3 6. bxc3 Bg7 7. Nf3 O-O 8. Be2 c5 9. O-O cxd4 10. cxd4 Nc6 11. Be3 Bg4 12. e5 Rc8 13. h3 Bf5 14. Rc1 Nb4 15. Qb3 a5 16. a3 Be6 17. Qb2 Rxc1 18. Rxc1 Nd5 19. Qxb7 Nxe3 20. fxe3 Bh6 21. Kf2 Bd5 22. Qc7 Bxf3 23. Qxd8 Rxd8 24. gxf3 e6 25. Rc5 Ra8 26. a4 Bf8 27. Rc7 Rb8 28. Bb5 Rd8 29. f4 h5 30. Kf3 Bb4 31. Ke4 Kg7 32. Bc4 Kf8 33. d5 exd5+ 34. Bxd5 Be7 35. Ra7 Bb4 36. Rxf7+ Ke8 37. Rg7 Rb8 38. Rxg6 Be7 39. Rg8+ Bf8 40. f5 h4 41. f6 Kd7 42. e6+ Kd6 43. Rxf8 Rc8 44. e7 Rc1 45. e8=Q 1-0


[Site "https://www.chess.com"]

[Event "Titled Tuesday Blitz March 07 Early 2023"]
[White "Sjugirov, Sanan"]
[Black "Petukhov, Dmitry"]
[WhiteFideId "4189302"]
[BlackFideId "4142748"]
[WhiteElo "2569"]
[BlackElo "2311"]
[Result "1-0"]
[Round "04"]
[TimeControl "180+2"]
[Date "2023.03.07"]
[WhiteClock "0:01:03"]
[BlackClock "0:00:35"]

1. e4 c5 2. Nf3 d6 3. d4 cxd4 4. Nxd4 Nf6 5. Nc3 Nc6 6. Bg5 Bd7 7. Bxf6 gxf6 8. Nb3 Bg7 9. Be2 O-O 10. O-O f5 11. exf5 Bxf5 12. Bd3 Qd7 13. Bxf5 Qxf5 14. Qd2 Rfe8 15. Rae1 Rad8 16. Nd5 e6 17. Ne3 Qh5 18. f4 d5 19. Rf3 d4 20. Nf1 Ne7 21. Ng3 Qd5 22. Nc1 Kh8 23. Nd3 Rg8 24. Ne4 Nf5 25. Ng5 Rdf8 26. Rh3 Bh6 27. Re5 Qc6 28. Rxf5 exf5 29. Ne5 Qf6 30. Rxh6 1-0


[Site "https://www.chess.com"]